[Event "XIV American Continental-ch 2019"]
[Site "Sao Paulo"]
[Date "2019.07.06"]
[Round "1.1"]
[White "Araujo, Sergio Murilo"]
[Black "Iturrizaga Bonelli, Eduardo"]
[Result "0-1"]
[ECO "E48"]
[WhiteElo "2090"]
[BlackElo "2625"]
[Annotator "RC"]
[PlyCount "66"]
[EventDate "2019.07.05"]
[EventType "swiss"]
[EventCountry "BRA"]
[SourceTitle "playchess.com"]
[Source "ChessBase"]
[SourceQuality "1"]
[TimeControl "40/5400+30:1800+30"]

1. d4 Nf6 2. c4 e6 3. Nc3 Bb4 4. e3 O-O 5. Bd3 d5 6. Nge2 b6 7. O-O Bb7 8. cxd5 exd5 9. Qc2 Re8 10. Bd2 a6 11. Rac1 Nbd7 12. Ng3 Rc8 13. a3 Bd6 14. Nf5 Bf8 15. b4 Ne4 16. Ng3 Ndf6 17. Qb2 Bd6 18. Ncxe4 dxe4 19. Be2 g6 20. Rfd1 h5 21. Bc3 Nd5 22. Nf1 Qg5 23. Bd2 Ne7 24. Be1 Nf5 25. Ng3 Nh6 26. Bf1 Ng4 27. Be2 Nxh2 28. Kxh2 h4 29. Qb3 hxg3+ 30. fxg3 Kg7 31. Kg1 Rh8 32. Bf1 Rh5 33. Kf2 Qg4 0-1

[Event "XIV American Continental-ch 2019"]
[Site "Sao Paulo"]
[Date "2019.07.06"]
[Round "1.2"]
[White "Leitao, Rafael"]
[Black "Carvalho, Herbert Abreu"]
[Result "1-0"]
[ECO "D90"]
[WhiteElo "2616"]
[BlackElo "2089"]
[Annotator "RC"]
[PlyCount "53"]
[EventDate "2019.07.05"]
[EventType "swiss"]
[EventCountry "BRA"]
[SourceTitle "playchess.com"]
[Source "ChessBase"]
[SourceQuality "1"]
[TimeControl "40/5400+30:1800+30"]

1. d4 Nf6 2. c4 c6 3. Nf3 g6 4. Nc3 d5 5. cxd5 cxd5 6. Bf4 a6 7. e3 Bg7 8. h3 O-O 9. Bd3 Nc6 10. Rc1 Bf5 11. Bxf5 gxf5 12. g4 fxg4 13. hxg4 Ne4 14. Qd3 Qa5 15. Ng5 e5 16. dxe5 Nxe5 17. Bxe5 Bxe5 18. Ngxe4 dxe4 19. Qxe4 Rfc8 20. Rh5 Re8 21. Qxh7+ Kf8 22. Qh6+ Ke7 23. f4 Bxc3+ 24. Rxc3 Qb4 25. Re5+ Kd7 26. Rd5+ Ke7 27. a3 1-0

[Event "XIV American Continental-ch 2019"]
[Site "Sao Paulo"]
[Date "2019.07.06"]
[Round "1.3"]
[White "Adasme Fredes, Mauricio"]
[Black "Delgado Ramirez, Neuris"]
[Result "0-1"]
[ECO "A37"]
[WhiteElo "2088"]
[BlackElo "2605"]
[Annotator "RC"]
[PlyCount "100"]
[EventDate "2019.07.05"]
[EventType "swiss"]
[EventCountry "BRA"]
[SourceTitle "playchess.com"]
[Source "ChessBase"]
[SourceQuality "1"]
[TimeControl "40/5400+30:1800+30"]

1. Nf3 c5 2. c4 Nc6 3. Nc3 g6 4. g3 Bg7 5. Bg2 e5 6. O-O Nge7 7. d3 O-O 8. Ne1 d6 9. Nc2 Be6 10. Rb1 d5 11. cxd5 Nxd5 12. Ne3 Nde7 13. a3 a5 14. Ne4 b6 15. Bd2 a4 16. Bc3 Bb3 17. Qd2 f5 18. Ng5 h6 19. Nf3 g5 20. Nc4 Qc7 21. Qc1 b5 22. Ncd2 Ba2 23. Ra1 Be6 24. Qc2 Qd6 25. b3 axb3 26. Nxb3 c4 27. dxc4 bxc4 28. Nbd2 e4 29. Bxg7 Kxg7 30. Qc3+ Rf6 31. Nxc4 Bxc4 32. Qxc4 exf3 33. Bxf3 Ne5 34. Qb3 Rb8 35. Qc3 Rc8 36. Qb3 Qb6 37. Rfb1 Qxb3 38. Rxb3 Nxf3+ 39. exf3 Rfc6 40. Rbb1 Kf6 41. Kg2 Ra6 42. Rb4 Rc2 43. a4 Re6 44. a5 Ree2 45. a6 Rxf2+ 46. Kg1 Rg2+ 47. Kf1 Nd5 48. Rb3 Rxh2 49. Kg1 Rcg2+ 50. Kf1 Ra2 0-1

[Event "XIV American Continental-ch 2019"]
[Site "Sao Paulo"]
[Date "2019.07.06"]
[Round "1.4"]
[White "Gareyev, Timur"]
[Black "Caceres, Diego"]
[Result "1-0"]
[ECO "E95"]
[WhiteElo "2588"]
[BlackElo "2087"]
[Annotator "RC"]
[PlyCount "61"]
[EventDate "2019.07.05"]
[EventType "swiss"]
[EventCountry "BRA"]
[SourceTitle "playchess.com"]
[Source "ChessBase"]
[SourceQuality "1"]
[TimeControl "40/5400+30:1800+30"]

1. Nf3 Nf6 2. c4 g6 3. Nc3 Bg7 4. e4 d6 5. d4 O-O 6. Be2 e5 7. O-O Nbd7 8. Re1 Re8 9. Bf1 exd4 10. Nxd4 Nc5 11. f3 Nfd7 12. Be3 Ne5 13. Qd2 Bd7 14. Rad1 Na4 15. Nxa4 Bxa4 16. b3 Bd7 17. Bg5 Bf6 18. Bxf6 Qxf6 19. f4 Nc6 20. Nb5 Qd8 21. h3 Ne7 22. Nc3 Be6 23. e5 Nf5 24. Ne4 dxe5 25. Qf2 Qe7 26. fxe5 Red8 27. g4 Ng7 28. Nf6+ Kh8 29. Qh4 h5 30. Qg5 Qc5+ 31. Kh1 1-0

[Event "XIV American Continental-ch 2019"]
[Site "Sao Paulo"]
[Date "2019.07.06"]
[Round "1.5"]
[White "Caceres Vasquez, Sergio"]
[Black "Pichot, Alan"]
[Result "0-1"]
[ECO "E46"]
[WhiteElo "2081"]
[BlackElo "2579"]
[Annotator "RC"]
[PlyCount "62"]
[EventDate "2019.07.05"]
[EventType "swiss"]
[EventCountry "BRA"]
[SourceTitle "playchess.com"]
[Source "ChessBase"]
[SourceQuality "1"]
[TimeControl "40/5400+30:1800+30"]

1. d4 Nf6 2. c4 e6 3. Nc3 Bb4 4. e3 O-O 5. Nge2 d5 6. a3 Be7 7. cxd5 exd5 8. g3 Nbd7 9. Bg2 Nb6 10. O-O Re8 11. f3 c5 12. Re1 a5 13. dxc5 Bxc5 14. Nd4 a4 15. Re2 Nc4 16. Qd3 h5 17. Rb1 b6 18. Qd1 Qd7 19. Re1 Bb7 20. Kh1 Re7 21. Bd2 Rae8 22. Qc1 Ba6 23. Bf1 Nxd2 24. Qxd2 Bxf1 25. Rxf1 Rxe3 26. Kg2 h4 27. Rf2 Nh7 28. Rd1 Ng5 29. gxh4 Nh3 30. Rff1 Rd3 31. Qc1 Rxd4 0-1

[Event "XIV American Continental-ch 2019"]
[Site "Sao Paulo"]
[Date "2019.07.06"]
[Round "1.6"]
[White "Mecking, Henrique"]
[Black "Araujo, Jose Roberto"]
[Result "1-0"]
[ECO "E88"]
[WhiteElo "2576"]
[BlackElo "2079"]
[Annotator "RC"]
[PlyCount "47"]
[EventDate "2019.07.05"]
[EventType "swiss"]
[EventCountry "BRA"]
[SourceTitle "playchess.com"]
[Source "ChessBase"]
[SourceQuality "1"]
[TimeControl "40/5400+30:1800+30"]

1. d4 Nf6 2. c4 g6 3. Nc3 Bg7 4. e4 d6 5. f3 O-O 6. Be3 e5 7. d5 c6 8. Qd2 cxd5 9. cxd5 a6 10. Bd3 Nbd7 11. Nge2 b5 12. O-O Bb7 13. b4 Ne8 14. g4 Nb6 15. a4 Nc4 16. Bxc4 bxc4 17. Ng3 Nf6 18. Kh1 h5 19. gxh5 Nxh5 20. Nxh5 gxh5 21. Rg1 f6 22. Bh6 Rf7 23. Bxg7 Rxg7 24. Qh6 1-0

[Event "XIV American Continental-ch 2019"]
[Site "Sao Paulo"]
[Date "2019.07.06"]
[Round "1.7"]
[White "Takano, Nicholas Ryo"]
[Black "Supi, Luis Paulo"]
[Result "0-1"]
[ECO "B33"]
[WhiteElo "2077"]
[BlackElo "2562"]
[Annotator "RC"]
[PlyCount "58"]
[EventDate "2019.07.05"]
[EventType "swiss"]
[EventCountry "BRA"]
[SourceTitle "playchess.com"]
[Source "ChessBase"]
[SourceQuality "1"]
[TimeControl "40/5400+30:1800+30"]

1. e4 c5 2. Nf3 e6 3. d4 cxd4 4. Nxd4 a6 5. Nc3 Qc7 6. Bd3 Bc5 7. Nb3 Be7 8. O-O d6 9. Qe2 Nf6 10. Bd2 Nc6 11. Kh1 O-O 12. f4 b5 13. a3 Bb7 14. Rae1 g6 15. Rf3 Rfe8 16. Rh3 Bf8 17. a4 bxa4 18. Nxa4 Bg7 19. Bc3 e5 20. fxe5 Nxe5 21. Na5 Bc8 22. Rg3 Bd7 23. Ra1 d5 24. Rg5 Neg4 25. g3 Nxe4 26. Bxe4 Rxe4 27. Qf3 Rae8 28. Bxg7 Re1+ 29. Rxe1 Rxe1+ 0-1

[Event "XIV American Continental-ch 2019"]
[Site "Sao Paulo"]
[Date "2019.07.06"]
[Round "1.8"]
[White "Perez Ponsa, Federico"]
[Black "Cordero, Daniela"]
[Result "1-0"]
[ECO "C08"]
[WhiteElo "2560"]
[BlackElo "2076"]
[Annotator "RC"]
[PlyCount "71"]
[EventDate "2019.07.05"]
[EventType "swiss"]
[EventCountry "BRA"]
[SourceTitle "playchess.com"]
[Source "ChessBase"]
[SourceQuality "1"]
[TimeControl "40/5400+30:1800+30"]

1. e4 e6 2. d4 d5 3. Nd2 c5 4. exd5 exd5 5. Ngf3 Nf6 6. Bb5+ Bd7 7. Bxd7+ Nbxd7 8. O-O Be7 9. dxc5 Nxc5 10. Nb3 Nce4 11. Nfd4 Qd7 12. f3 Nd6 13. Nc5 Qc8 14. Nd3 O-O 15. Be3 Re8 16. Bf2 a6 17. Re1 Nc4 18. b3 Nd6 19. Qd2 Bf8 20. Bh4 Rxe1+ 21. Rxe1 Nde8 22. Re2 b5 23. Bf2 Rb8 24. g4 g6 25. Nf4 h6 26. Kg2 Qd7 27. Nd3 Rc8 28. Bg3 Qa7 29. Ne5 Bc5 30. Bf2 Kg7 31. Qd3 b4 32. Nxg6 fxg6 33. Ne6+ Kh7 34. Nxc5 a5 35. Bd4 Qc7 36. Qa6 1-0

[Event "XIV American Continental-ch 2019"]
[Site "Sao Paulo"]
[Date "2019.07.06"]
[Round "1.9"]
[White "Almeida Junior, Alvaro Alves de"]
[Black "Fier, Alexandr"]
[Result "0-1"]
[ECO "B31"]
[WhiteElo "2076"]
[BlackElo "2547"]
[Annotator "RC"]
[PlyCount "66"]
[EventDate "2019.07.05"]
[EventType "swiss"]
[EventCountry "BRA"]
[SourceTitle "playchess.com"]
[Source "ChessBase"]
[SourceQuality "1"]
[TimeControl "40/5400+30:1800+30"]

1. e4 c5 2. Nf3 Nc6 3. Bb5 g6 4. O-O Bg7 5. Bxc6 bxc6 6. d3 d6 7. c3 Nf6 8. h3 O-O 9. Be3 c4 10. e5 Nd5 11. exd6 Nxe3 12. fxe3 Rb8 13. b3 cxd3 14. Qxd3 Qxd6 15. Qxd6 exd6 16. Rd1 d5 17. Nbd2 Re8 18. Kf2 Rb7 19. Rac1 Rbe7 20. c4 Rxe3 21. cxd5 Re2+ 22. Kf1 Ba6 23. Nc4 cxd5 24. Rxd5 Rxa2 25. Rd2 Rxd2 26. Nfxd2 Bb5 27. Nf3 Re3 28. Nfd2 Bh6 29. Rc2 Rd3 30. Ke2 Rxd2+ 31. Rxd2 Bxd2 32. Kxd2 Bxc4 33. bxc4 Kf8 0-1

[Event "XIV American Continental-ch 2019"]
[Site "Sao Paulo"]
[Date "2019.07.06"]
[Round "1.10"]
[White "Gonzalez Vidal, Yuri"]
[Black "Pereira, Geanfrancesco"]
[Result "1-0"]
[ECO "B27"]
[WhiteElo "2547"]
[BlackElo "2068"]
[Annotator "RC"]
[PlyCount "59"]
[EventDate "2019.07.05"]
[EventType "swiss"]
[EventCountry "BRA"]
[SourceTitle "playchess.com"]
[Source "ChessBase"]
[SourceQuality "1"]
[TimeControl "40/5400+30:1800+30"]

1. e4 c5 2. Nf3 g6 3. d4 cxd4 4. Qxd4 Nf6 5. Nc3 Nc6 6. Qa4 d6 7. e5 Ng4 8. exd6 Qxd6 9. Bf4 e5 10. Nb5 Qb4+ 11. Qxb4 Bxb4+ 12. Bd2 O-O 13. h3 Bxd2+ 14. Nxd2 Nb4 15. Na3 Nf6 16. c3 Nbd5 17. Nac4 e4 18. Nd6 e3 19. N2c4 exf2+ 20. Kxf2 Rd8 21. Be2 Rb8 22. a4 Be6 23. Rhd1 Nf4 24. Bf3 g5 25. Na5 Bd5 26. Ndxb7 Rxb7 27. Nxb7 Rb8 28. Bxd5 N6xd5 29. c4 Nf6 30. Rd8+ 1-0

[Event "XIV American Continental-ch 2019"]
[Site "Sao Paulo"]
[Date "2019.07.06"]
[Round "1.11"]
[White "Toth, Peter"]
[Black "Mekhitarian, Krikor Sevag"]
[Result "0-1"]
[ECO "D03"]
[WhiteElo "2066"]
[BlackElo "2545"]
[Annotator "RC"]
[PlyCount "138"]
[EventDate "2019.07.05"]
[EventType "swiss"]
[EventCountry "BRA"]
[SourceTitle "playchess.com"]
[Source "ChessBase"]
[SourceQuality "1"]
[TimeControl "40/5400+30:1800+30"]

1. d4 Nf6 2. Bg5 d5 3. Nf3 Ne4 4. Bf4 c5 5. e3 Qb6 6. Qc1 Nc6 7. c3 Bf5 8. Nbd2 Rc8 9. Nxe4 Bxe4 10. Be2 cxd4 11. exd4 e6 12. Qd2 Be7 13. O-O O-O 14. Ne5 Nxe5 15. Bxe5 Rc6 16. a4 a6 17. a5 Qd8 18. Rfd1 h6 19. f3 Bg6 20. Bf4 Qd7 21. Bd3 Bxd3 22. Qxd3 Rfc8 23. Bd2 Bd6 24. g3 Be7 25. Kg2 Rc4 26. b3 R4c6 27. Ra2 Qc7 28. f4 Qd7 29. b4 Rc4 30. Re1 Bf6 31. Re3 g6 32. g4 Bg7 33. h3 R4c7 34. Rf3 Qc6 35. Rb2 Qc4 36. Qe3 Re8 37. h4 Qb5 38. h5 f5 39. Rg3 fxg4 40. Rxg4 gxh5 41. Rg3 Rf7 42. Rb1 Rf5 43. Kh3 Kh7 44. Rbg1 Bf6 45. R1g2 Qd7 46. Qe2 h4 47. Rg6 Qf7 48. R6g4 Qd7 49. Kh2 Qc7 50. Kh3 Qf7 51. Qd3 Kh8 52. Kh2 Qc7 53. Kh3 Qh7 54. Qe2 Qf7 55. Kh2 Rc8 56. Qd3 Rf8 57. Rg1 Qc7 58. Kh1 Qe7 59. Kh2 Kh7 60. Kh1 Rf7 61. Kh2 Rg7 62. Qe2 Rxg4 63. Qxg4 Qf7 64. Kh3 Be7 65. Rf1 Rf6 66. Rg1 Rg6 67. Qd1 Qf5+ 68. Kh2 Rxg1 69. Qxg1 Qd3 0-1

[Event "XIV American Continental-ch 2019"]
[Site "Sao Paulo"]
[Date "2019.07.06"]
[Round "1.12"]
[White "Lima, Darcy"]
[Black "Ermel, Francisco Roberto"]
[Result "1-0"]
[ECO "E73"]
[WhiteElo "2543"]
[BlackElo "2064"]
[Annotator "RC"]
[PlyCount "43"]
[EventDate "2019.07.05"]
[EventType "swiss"]
[EventCountry "BRA"]
[SourceTitle "playchess.com"]
[Source "ChessBase"]
[SourceQuality "1"]
[TimeControl "40/5400+30:1800+30"]

1. d4 Nf6 2. c4 g6 3. Nc3 Bg7 4. e4 d6 5. Be2 O-O 6. Be3 e5 7. d5 a5 8. g4 Na6 9. g5 Ne8 10. h4 f5 11. gxf6 Bxf6 12. Nf3 Bg4 13. Ng5 Bxe2 14. Qxe2 Ng7 15. O-O-O Qe7 16. Rdg1 Nc5 17. h5 h6 18. Nh7 Kxh7 19. hxg6+ Kg8 20. Rxh6 Ne8 21. g7 Bxg7 22. Qh5 1-0

[Event "XIV American Continental-ch 2019"]
[Site "Sao Paulo"]
[Date "2019.07.06"]
[Round "1.14"]
[White "Krysa, Leandro"]
[Black "Markzon, Gregory"]
[Result "1-0"]
[ECO "E63"]
[WhiteElo "2517"]
[BlackElo "2059"]
[Annotator "RC"]
[PlyCount "67"]
[EventDate "2019.07.05"]
[EventType "swiss"]
[EventCountry "BRA"]
[SourceTitle "playchess.com"]
[Source "ChessBase"]
[SourceQuality "1"]
[TimeControl "40/5400+30:1800+30"]

1. d4 Nf6 2. c4 g6 3. Nf3 Bg7 4. g3 O-O 5. Bg2 d6 6. O-O Nc6 7. Nc3 a6 8. Bf4 Bf5 9. Rc1 Ne4 10. Nxe4 Bxe4 11. d5 Nb8 12. Qd2 c5 13. h4 Nd7 14. h5 b5 15. hxg6 hxg6 16. Ng5 Bxg2 17. Kxg2 Nf6 18. b3 Qd7 19. Rh1 Rfb8 20. Rh4 bxc4 21. bxc4 Qb7 22. Rch1 e5 23. Be3 Qd7 24. Nh7 Ng4 25. Bg5 f6 26. f3 fxg5 27. Rxg4 e4 28. Rxe4 g4 29. Rxg4 Rb2 30. Qd3 Qf5 31. Re4 Rxa2 32. g4 Qd7 33. Re6 Re8 34. Nf6+ 1-0

[Event "XIV American Continental-ch 2019"]
[Site "Sao Paulo"]
[Date "2019.07.06"]
[Round "1.16"]
[White "Di Berardino, Diego Rafael"]
[Black "Santos Filho, Tadeu Sousa"]
[Result "1-0"]
[ECO "C03"]
[WhiteElo "2506"]
[BlackElo "2057"]
[Annotator "RC"]
[PlyCount "57"]
[EventDate "2019.07.05"]
[EventType "swiss"]
[EventCountry "BRA"]
[SourceTitle "playchess.com"]
[Source "ChessBase"]
[SourceQuality "1"]
[TimeControl "40/5400+30:1800+30"]

1. e4 e6 2. d4 d5 3. Nd2 Be7 4. Bd3 c5 5. dxc5 Nf6 6. Qe2 O-O 7. Ngf3 a5 8. O-O Na6 9. e5 Nd7 10. Nb3 a4 11. Nbd4 Naxc5 12. Be4 Nxe4 13. c4 Ndc5 14. Bf4 Qb6 15. Rac1 Qa5 16. Qe3 h6 17. h3 Kh7 18. Rfd1 Qb4 19. Rc2 Qa5 20. Ne1 Kg8 21. f3 Ng5 22. Rdc1 Na6 23. a3 Nc7 24. Nd3 Rd8 25. Qf2 Nh7 26. Bd2 Qa7 27. Be3 Qb8 28. c5 Na6 29. Nb5 1-0

[Event "XIV American Continental-ch 2019"]
[Site "Sao Paulo"]
[Date "2019.07.06"]
[Round "1.18"]
[White "Cubas, Jose Fernando"]
[Black "Lage, Pedro Ferreira"]
[Result "1-0"]
[ECO "C02"]
[WhiteElo "2493"]
[BlackElo "2050"]
[Annotator "RC"]
[PlyCount "55"]
[EventDate "2019.07.05"]
[EventType "swiss"]
[EventCountry "BRA"]
[SourceTitle "playchess.com"]
[Source "ChessBase"]
[SourceQuality "1"]
[TimeControl "40/5400+30:1800+30"]

1. e4 e6 2. d4 d5 3. e5 c5 4. c3 Nc6 5. Nf3 Qb6 6. a3 Bd7 7. b4 cxd4 8. cxd4 Rc8 9. Be3 Nge7 10. Bd3 Nf5 11. O-O Be7 12. Nbd2 O-O 13. Nb3 Qd8 14. Bd2 f6 15. b5 Nb8 16. Qb1 g6 17. Re1 fxe5 18. Nxe5 Be8 19. Nf3 Bf7 20. Bb4 Nd6 21. Nc5 a5 22. Bd2 Nc4 23. Bh6 Bxc5 24. dxc5 Rxc5 25. Bxc4 dxc4 26. Bxf8 Kxf8 27. Qe4 Qd5 28. Qf4 1-0

[Event "XIV American Continental-ch 2019"]
[Site "Sao Paulo"]
[Date "2019.07.06"]
[Round "1.20"]
[White "Hambleton, Aman"]
[Black "De Arruda Filho, Nivaldo Jesus"]
[Result "1-0"]
[ECO "D85"]
[WhiteElo "2487"]
[BlackElo "2045"]
[Annotator "RC"]
[PlyCount "45"]
[EventDate "2019.07.05"]
[EventType "swiss"]
[EventCountry "BRA"]
[SourceTitle "playchess.com"]
[Source "ChessBase"]
[SourceQuality "1"]
[TimeControl "40/5400+30:1800+30"]

1. d4 Nf6 2. c4 g6 3. Nc3 d5 4. cxd5 Nxd5 5. Bd2 Bg7 6. e4 Nb6 7. Be3 O-O 8. h3 Na6 9. Nf3 c6 10. Bxa6 bxa6 11. O-O Nc4 12. Qe2 Nd6 13. Rfe1 Qa5 14. Rac1 Rb8 15. b3 Bb7 16. Na4 Nxe4 17. Bf4 Nd6 18. Qxe7 Nf5 19. Qc5 Qxc5 20. Nxc5 Nxd4 21. Nxd4 Bxd4 22. Bxb8 Rxb8 23. Re7 1-0

[Event "XIV American Continental-ch 2019"]
[Site "Sao Paulo"]
[Date "2019.07.06"]
[Round "1.21"]
[White "Urquiza, Marcello de Albuquer"]
[Black "Vazquez, Guillermo"]
[Result "0-1"]
[ECO "B53"]
[WhiteElo "2043"]
[BlackElo "2483"]
[Annotator "RC"]
[PlyCount "68"]
[EventDate "2019.07.05"]
[EventType "swiss"]
[EventCountry "BRA"]
[SourceTitle "playchess.com"]
[Source "ChessBase"]
[SourceQuality "1"]
[TimeControl "40/5400+30:1800+30"]

1. e4 c5 2. Nf3 d6 3. d4 cxd4 4. Qxd4 Nf6 5. Nc3 e5 6. Qd3 h6 7. Nd2 Be7 8. Nc4 O-O 9. Be2 Be6 10. O-O Nc6 11. f4 Rc8 12. fxe5 dxe5 13. Qxd8 Rfxd8 14. Ne3 Bc5 15. Kh1 Nb4 16. Bd1 Bd4 17. a3 Nc6 18. Bf3 Bxc3 19. bxc3 Na5 20. Nd1 Nc4 21. Kg1 Nd6 22. Nf2 Rxc3 23. Bb2 Rxc2 24. Bxe5 Nc4 25. Bxf6 gxf6 26. Rfd1 Rc8 27. Nd3 Nb2 28. Nxb2 Rxb2 29. Rac1 Rxc1 30. Rxc1 b5 31. Rc7 a5 32. Ra7 a4 33. Rc7 b4 34. axb4 a3 0-1

[Event "XIV American Continental-ch 2019"]
[Site "Sao Paulo"]
[Date "2019.07.06"]
[Round "1.22"]
[White "Santiago, Yago De Moura"]
[Black "Ferreira, Kleber Victor"]
[Result "1-0"]
[ECO "A27"]
[WhiteElo "2473"]
[BlackElo "2038"]
[Annotator "RC"]
[PlyCount "65"]
[EventDate "2019.07.05"]
[EventType "swiss"]
[EventCountry "BRA"]
[SourceTitle "playchess.com"]
[Source "ChessBase"]
[SourceQuality "1"]
[TimeControl "40/5400+30:1800+30"]

1. c4 e5 2. Nc3 Nc6 3. Nf3 f5 4. d4 e4 5. Ng5 Bb4 6. Nh3 Nf6 7. e3 O-O 8. Be2 Bxc3+ 9. bxc3 d6 10. Ba3 Ne7 11. Nf4 c6 12. Qb3 Kh8 13. h4 b6 14. c5 bxc5 15. dxc5 d5 16. Rd1 Ng6 17. Nxg6+ hxg6 18. c4 Be6 19. Qc3 Qc7 20. h5 g5 21. h6 g6 22. h7 Rab8 23. Bb2 Qg7 24. Qa3 f4 25. Be5 Rb7 26. Qc3 Rd7 27. Rb1 Rdf7 28. a4 Bf5 29. cxd5 f3 30. Bf1 g4 31. g3 Re8 32. dxc6 Be6 33. c7 1-0

[Event "XIV American Continental-ch 2019"]
[Site "Sao Paulo"]
[Date "2019.07.06"]
[Round "1.23"]
[White "Do Nascimento, Christian Almeida"]
[Black "Roselli Mailhe, Bernardo"]
[Result "0-1"]
[ECO "A45"]
[WhiteElo "2033"]
[BlackElo "2471"]
[Annotator "RC"]
[PlyCount "72"]
[EventDate "2019.07.05"]
[EventType "swiss"]
[EventCountry "BRA"]
[SourceTitle "playchess.com"]
[Source "ChessBase"]
[SourceQuality "1"]
[TimeControl "40/5400+30:1800+30"]

1. d4 Nf6 2. Bg5 e6 3. e4 h6 4. Bxf6 Qxf6 5. c3 d6 6. Bd3 e5 7. Ne2 g6 8. O-O Bg7 9. f4 Qe7 10. Nd2 O-O 11. f5 Nd7 12. fxg6 fxg6 13. Qb3+ Kh7 14. Rxf8 Nxf8 15. Rf1 Qg5 16. Nc4 Ne6 17. Rf7 h5 18. a4 Kg8 19. Rf3 h4 20. dxe5 dxe5 21. Ne3 Kh7 22. Bc2 c6 23. h3 Qe7 24. Kh2 Ng5 25. Rf1 Qc5 26. c4 Be6 27. Nf5 Qxc4 28. Qxb7 Rg8 29. Qe7 Qxc2 30. Qxg5 Qxe2 31. Ne7 Bh6 32. Qf6 Rg7 33. Rf2 Qe3 34. Rf3 Bf4+ 35. g3 hxg3+ 36. Kg2 Qe2+ 0-1

[Event "XIV American Continental-ch 2019"]
[Site "Sao Paulo"]
[Date "2019.07.06"]
[Round "1.24"]
[White "Perdomo, Leandro"]
[Black "Freitas Capiberibe, Andre Antoni"]
[Result "1-0"]
[ECO "A44"]
[WhiteElo "2468"]
[BlackElo "2024"]
[Annotator "RC"]
[PlyCount "127"]
[EventDate "2019.07.05"]
[EventType "swiss"]
[EventCountry "BRA"]
[SourceTitle "playchess.com"]
[Source "ChessBase"]
[SourceQuality "1"]
[TimeControl "40/5400+30:1800+30"]

1. d4 g6 2. c4 Bg7 3. e4 c5 4. d5 d6 5. Nf3 e5 6. Nc3 Ne7 7. h4 h6 8. Nd2 f5 9. h5 g5 10. a3 O-O 11. Bd3 Nd7 12. exf5 Nxf5 13. Bxf5 Rxf5 14. Nde4 Nb6 15. Qe2 a5 16. Nb5 Bf8 17. b3 Be7 18. Be3 Ra6 19. O-O Na8 20. Ng3 Rf6 21. b4 b6 22. Nc3 Nc7 23. bxc5 bxc5 24. Rab1 Ne8 25. Rb8 Qd7 26. Rfb1 Bd8 27. Nge4 Rf8 28. f3 Bc7 29. R8b2 Nf6 30. Nxf6+ Rxf6 31. Ne4 Rf8 32. g4 Qh7 33. Bd2 Qd7 34. Kg2 Qf7 35. Qd3 Ra8 36. Bc3 Ba6 37. Ng3 Qh7 38. Ne4 Qf7 39. Ng3 Qh7 40. Qxh7+ Kxh7 41. Ne4 Kg7 42. Rb6 Bxb6 43. Rxb6 Bxc4 44. Rxd6 Rad8 45. Bxe5+ Kf7 46. Rf6+ Ke8 47. Re6+ Kf7 48. Nd6+ Rxd6 49. Rxd6 Re8 50. f4 gxf4 51. Bxf4 Re4 52. Kg3 Rd4 53. Rxh6 Bxd5 54. Be5 Rd3+ 55. Kf4 Rf3+ 56. Kg5 Rxa3 57. Rf6+ Kg8 58. Bd6 Rf3 59. Rg6+ Kh7 60. Be5 Re3 61. Rg7+ Kh8 62. Bf6 Rd3 63. Kh6 Rf3 64. g5 1-0

[Event "XIV American Continental-ch 2019"]
[Site "Sao Paulo"]
[Date "2019.07.06"]
[Round "2.1"]
[White "Iturrizaga Bonelli, Eduardo"]
[Black "Abdalla, Luiz Guilherme Aurel"]
[Result "1-0"]
[ECO "A16"]
[WhiteElo "2625"]
[BlackElo "2245"]
[Annotator "RC"]
[PlyCount "89"]
[EventDate "2019.07.05"]
[EventType "swiss"]
[EventCountry "BRA"]
[SourceTitle "playchess.com"]
[Source "ChessBase"]
[SourceQuality "1"]
[TimeControl "40/5400+30:1800+30"]

1. c4 Nf6 2. Nc3 c6 3. e4 d5 4. e5 Ne4 5. Nf3 Qb6 6. d4 e6 7. Bd3 Bb4 8. O-O Nxc3 9. bxc3 dxc4 10. Rb1 cxd3 11. Rxb4 Qc7 12. Ba3 b6 13. Rb1 c5 14. dxc5 bxc5 15. Qxd3 Nd7 16. Rfd1 h6 17. Qd6 Qxd6 18. Rxd6 O-O 19. Rc6 Rd8 20. h4 a5 21. Bxc5 Nxc5 22. Rxc5 a4 23. Kf1 Ba6+ 24. Ke1 Bd3 25. Rb4 a3 26. Nd4 Rd5 27. Nb3 Rad8 28. Rxd5 Rxd5 29. f4 Bb1 30. Nd4 Bxa2 31. Ra4 h5 32. Rxa3 Bc4 33. g3 Rd7 34. Kd2 Rb7 35. Ra8+ Kh7 36. Rc8 Bf1 37. c4 Rb2+ 38. Ke3 Rg2 39. c5 Rxg3+ 40. Kf2 Rd3 41. Rd8 Rd1 42. Nxe6 Rc1 43. Nf8+ Kg8 44. f5 g6 45. Ne6+ 1-0

[Event "XIV American Continental-ch 2019"]
[Site "Sao Paulo"]
[Date "2019.07.06"]
[Round "2.2"]
[White "Filgueiras, Nathan Felipe"]
[Black "Leitao, Rafael"]
[Result "0-1"]
[ECO "B90"]
[WhiteElo "2259"]
[BlackElo "2616"]
[Annotator "RC"]
[PlyCount "154"]
[EventDate "2019.07.05"]
[EventType "swiss"]
[EventCountry "BRA"]
[SourceTitle "playchess.com"]
[Source "ChessBase"]
[SourceQuality "1"]
[TimeControl "40/5400+30:1800+30"]

1. e4 c5 2. Nf3 d6 3. d4 cxd4 4. Nxd4 Nf6 5. Nc3 a6 6. Be3 e5 7. Nb3 Be6 8. f3 h5 9. Nd5 Bxd5 10. exd5 Nbd7 11. Be2 g6 12. O-O Bg7 13. c4 b6 14. h3 h4 15. f4 Ne4 16. fxe5 dxe5 17. Bd3 Ng3 18. Re1 O-O 19. Qd2 Re8 20. Rac1 a5 21. a4 e4 22. Bb1 Nf5 23. Bg5 Bf6 24. Bxf6 Nxf6 25. Nd4 Ng3 26. Qf2 Nd7 27. Qf4 Qf6 28. Qxf6 Nxf6 29. Re3 Rac8 30. Nc6 Nd7 31. b3 Nc5 32. Nd4 f5 33. Ree1 Kg7 34. Rc3 Kf6 35. Ne2 Nxe2+ 36. Rxe2 Ke5 37. Rd2 Kd6 38. Bc2 f4 39. Bd1 Re5 40. Bg4 Rf8 41. Rd1 g5 42. Kf1 Rf6 43. Rb1 Na6 44. Rd1 Kc5 45. Be6 Kb4 46. Rcc1 Nc5 47. Bg4 Nxb3 48. Rb1 Kc3 49. d6 Rf8 50. d7 Rd8 51. Ke1 Kc2 52. Ke2 Rc5 53. Be6 Nd4+ 54. Rxd4 Kxb1 55. Rxe4 Kc2 56. Bg4 Rc7 57. Re8 Rdxd7 58. Bxd7 Rxd7 59. Re6 Rd2+ 60. Kf3 Rd3+ 61. Kf2 Kb3 62. Rxb6+ Kxc4 63. Rb5 Rd5 64. Rb6 Rd2+ 65. Kf3 Rd3+ 66. Kf2 Rb3 67. Rg6 Kb4 68. Rxg5 Kxa4 69. Rg4 Rb4 70. Rxh4 Kb3 71. Rh8 a4 72. Ra8 a3 73. g4 fxg3+ 74. Kxg3 a2 75. Rxa2 Kxa2 76. h4 Kb3 77. h5 Kc3 0-1